 Dungeon Crawl Stone Soup version 0.23-a0-767-gdc19b93 (webtiles) character file.

262 Klosterheim the Sneak (level 5, -3/21 HPs)
             Began as a Felid Venom Mage on Jan 19, 2019.
             Killed from afar by an orc wizard (7 damage)
             ... with a magic dart
             ... on level 4 of the Dungeon.
             The game lasted 00:08:57 (5303 turns).

Klosterheim the Sneak (Felid Venom Mage)            Turns: 5303, Time: 00:08:58

Health: -3/21      AC:  1    Str:  4    XL:     5   Next: 97%
Magic:  1/10       EV: 19    Int: 18    God:
Gold:   159        SH:  0    Dex: 16    Spells: 4/9 levels left
                                        Lives:  0   Deaths: 1

rFire    . . .     SeeInvis +     - Unarmed
rCold    . . .     Gourm    .   (shield unavailable)
rNeg     . . .     Faith    .   (armour unavailable)
rPois    .         Spirit   .   (helmet unavailable)
rElec    .         Reflect  .   (cloak unavailable)
rCorr    .         Harm     .   (gloves unavailable)
MR       .....                  (boots unavailable)
Stlth    ++++......             (no amulet)
HPRegen  0.07/turn              (no ring)
MPRegen  0.12/turn              (no ring)

@: very slightly contaminated, quick
A: very small, no armour, no weapons or thrown items, stealth, claws 1, fangs 3,
see invisible, carnivore, speed 1, shaggy fur 1, slow metabolism 1, sharp paws
a: no special abilities


You were on level 4 of the Dungeon.
You were very full.

You visited 1 branch of the dungeon, and saw 4 of its levels.

You collected 159 gold pieces.

Inventory:

Scrolls
 c - 5 scrolls of identify
 d - 3 scrolls of remove curse
 e - a scroll of enchant weapon
 h - 2 scrolls of teleportation
Potions
 a - a potion of berserk rage
Comestibles
 b - 4 rations


   Skills:
 + Level 4.2 Dodging
 + Level 5.5 Stealth
 + Level 2.3 Unarmed Combat
 + Level 2.8 Spellcasting
 - Level 1.0 Conjurations
 + Level 4.0 Poison Magic


You had 4 spell levels left.
You knew the following spells:

 Your Spells              Type           Power        Failure   Level  Hunger
b - Poisonous Vapours     Pois/Air       #.....       11%         2    ##.....
c - Mephitic Cloud        Conj/Pois/Air  #.......     26%         3    ###....

Your spell library contained the following spells:

 Spells                   Type           Power        Failure   Level  Hunger
 Sting                    Conj/Pois      ##..         6%          1    None
 Olgreb's Toxic Radiance  Pois           ###.....     30%         4    ####...
 Venom Bolt               Conj/Pois      ##........   85%         5    ######.


Dungeon Overview and Level Annotations

Branches:
Dungeon (4/15)
 Temple: D:4-7

Altars:


Innate Abilities, Weirdness & Mutations

You cannot wear armour.
You are incapable of wielding weapons or throwing items.
Your paws allow you to move quietly. (Stealth)
You have sharp claws.
You have razor-sharp teeth.
You have supernaturally acute eyesight. (SInv)
You are carnivorous and can eat meat at any time.
You cover ground quickly.
You are covered in fur. (AC +1)
You have a slow metabolism.
Your sharp claws are effective at attacking unaware monsters.


Message History

The orc wizard barely misses you.
You scratch the orc but do no damage.
The orc is heavily wounded.
The orc barely misses you.
The orc wizard hits you with a +0 dagger.
Unknown command.
You closely miss the orc.
The orc is heavily wounded.
The orc wizard hits you but does no damage.
The orc closely misses you.
Unknown command.
You scratch the orc but do no damage.
The orc is severely wounded.
You kill the orc!
The orc wizard hits you with a +0 dagger.
* * * LOW HITPOINT WARNING * * *
Unknown command.
The orc wizard casts a spell at you. The magic dart hits you!
You die...

... .)## ##+## ....
##...## ..## ##.....##
###..######.......##
#####........#.........#
.............)o........+
.p
#####.#.).##.#.........#
.. # #..###.##@....<.##
.> #..###.###.....## #.
#.#..w....###...## #.
#.........# ##'## #.
#....##...# #.# #.##
#.........# #.# #...
#####...#.# ##.## ###.
###.#.###...## #.
##.#.##.....# #.


You could see an orc wizard (invisible).

Vanquished Creatures
  A centaur (D:3)
  A howler monkey (D:3)
  3 orc wizards
  A worker ant (D:2)
  4 adders
  4 worms
  3 dart slugs
  2 leopard geckos
  7 orcs
  3 bats
  6 goblins
  7 hobgoblins
  4 jackals (D:3)
  10 kobolds
  2 quokkas (D:3)
  2 ball pythons
  3 frilled lizards
  8 rats
71 creatures vanquished.

Notes
Turn   | Place    | Note
-------+----------+-------------------------------------------
     0 | D:1      | Klosterheim the Felid Venom Mage began the quest for the
                  | Orb.
     0 | D:1      | Reached XP level 1. HP: 7/7 MP: 4/4
   119 | D:1      | Reached skill level 3 in Stealth
   556 | D:1      | Reached XP level 2. HP: 6/11 MP: 0/6
   698 | D:1      | Learned a level 2 spell: Poisonous Vapours
  1595 | D:1      | Reached skill level 4 in Stealth
  1695 | D:1      | Reached XP level 3. HP: 14/14 MP: 4/7
  1853 | D:2      | Found a faded altar of an unknown god.
  2539 | D:2      | Reached skill level 1 in Unarmed Combat
  2539 | D:2      | Reached XP level 4. HP: 18/18 MP: 1/8
  3339 | D:3      | Reached skill level 1 in Conjurations
  3556 | D:3      | Noticed a centaur
  3567 | D:3      | Killed a centaur
  3567 | D:3      | Reached XP level 5. HP: 8/21 MP: 0/9
  3589 | D:3      | Killed from afar by an orc wizard
  3590 | D:3      | Reached XP level 4. HP: -1/18 MP: 1/8
  3804 | D:3      | Reached skill level 5 in Stealth
  4443 | D:3      | Reached XP level 5. HP: 19/21 MP: 2/9
  4606 | D:3      | Learned a level 3 spell: Mephitic Cloud
  4901 | D:4      | Noticed a phantom
  5010 | D:4      | Noticed a slave
  5303 | D:4      | Killed from afar by an orc wizard

Vault maps used:
D:1:      dpeg_arrival_round_a, st_stairs_12, minmay_misc_feat_encased
D:2:      chequers_ecumenical_altar_simple
D:4:      led_sif_pool, gammafunk_temple_overflow_elements,
          minmay_temple_entry_enclosed_plants, first_ration, serial_shops,
          kennysheep_mini, uniq_pikel

Skill      XL: |  1  2  3  4  5 |
---------------+----------------+-----
Stealth        | 3 4 5 |  5.5
Poison Magic   | 3 4 |  4.0
Dodging        | 3 4 |  4.2
Unarmed Combat | 1 2 |  2.3
Conjurations   | 1 |  1.0
Spellcasting   | |  2.8

Action                   |  1- 3 |  4- 6 || total
-------------------------+-------+-------++-------
Melee: Unarmed           |    22 |    55 ||    77
 Cast: Sting             |    35 |    10 ||    45
       Poisonous Vapours |    40 |    52 ||    92
       Mephitic Cloud    |       |     1 ||     1
  Use: Potion            |       |     3 ||     3
       Scroll            |       |     5 ||     5
 Stab: Sleeping          |       |     3 ||     3
  Eat: Chunk             |    14 |    13 ||    27
Armor: Skin              |     1 |    11 ||    12
Dodge: Dodged            |    31 |    43 ||    74

Table legend:
 A = Non-vault XP
 B = Vault XP
 C = Vault XP percentage of total XP
 D = Non-vault monster count
 E = Vault monster count
 F = Vault count percentage of total count
                 A         B        C        D         E       F
            +---------+---------+-------+---------+---------+-------
      Total |     496 |       3 |   0.6 |      69 |       2 |   2.8
            +---------+---------+-------+---------+---------+-------
        D:1 |      38 |       3 |   7.3 |      23 |       2 |   8.0
        D:2 |      77 |       0 |   0.0 |      14 |       0 |   0.0
        D:3 |     279 |       0 |   0.0 |      26 |       0 |   0.0
        D:4 |     102 |       0 |   0.0 |       6 |       0 |   0.0
            +---------+---------+-------+---------+---------+-------
